 Dungeon Crawl Stone Soup version 0.29.0-4-gdea44cf6ec (webtiles) character file.

Game seed: 4577934893448705196

49 qw the Ruffian (level 3, -1/28 HPs)
             Began as a Ghoul Enchanter on Sept 4, 2022.
             Slain by a goblin
             ... wielding a +0 dagger of electrocution
             ... led by Robin
              (18 damage)
             ... on level 3 of the Dungeon.
             The game lasted 00:01:09 (2684 turns).

qw the Ruffian (Ghoul Enchanter)                    Turns: 2684, Time: 00:01:09

Health: -1/28      AC:  8    Str: 10 (13) XL:     3   Next: 75%
Magic:  4/4        EV:  4    Int:  8 (10) God:
Gold:   54         SH:  0    Dex:  7 (9)  Spells: 5/5 levels left

rFire   . . .      SeeInvis .     - Unarmed
rCold   + . .      Faith    .   (no shield)
rNeg    + + +      Spirit   .   i - +0 chain mail
rPois   inf        Reflect  .   (no helmet)
rElec   .          Harm     .   (no cloak)
rCorr   .          Rampage  .   (no gloves)
Will    .....                   (no boots)
Stlth   ..........              (no amulet)
HPRegen 0.00/turn               (no ring)
MPRegen 0.09/turn               (no ring)

@: inhibited regen
A: claws 1, cold resistance 1, negative energy resistance 3, inhibited
regeneration, torment resistance 2, devour on kill
a: no special abilities


You were on level 3 of the Dungeon.
You visited 1 branch of the dungeon, and saw 3 of its levels.

You collected 54 gold pieces.


Innate Abilities, Weirdness & Mutations

You are immune to poison.
You have sharp fingernails.
Your flesh is cold resistant. (rC+)
You are immune to negative energy. (rN+++)
You do not regenerate when monsters are visible.
You are immune to unholy pain and torment.
You thrive by killing the living.


   Skills:
 - Level 1.0 Fighting
 - Level 0.8 Short Blades
 - Level 1.7 Dodging
 - Level 3.2 Stealth
 + Level 3.3 Unarmed Combat
 - Level 1.7 Spellcasting
 - Level 2.4 Hexes


You had 5 spell levels left.
You didn't know any spells.
Your spell library contained the following spells:

 Spells                   Type           Power      Damage    Failure   Level
 Ensorcelled Hibernation  Hex/Ice        4%         N/A       100%        2
 Confusing Touch          Hex            4%         N/A       100%        3
 Dazzling Flash           Conj/Hex       4%         N/A       100%        3
 Tukima's Dance           Hex            4%         N/A       100%        3

Inventory:

Armour
 i - a +0 chain mail (worn)
Scrolls
 j - a scroll of identify
Potions
 a - a potion of experience {unknown}
 b - a potion of flight {unknown}
 d - a potion of haste {unknown}
 e - 2 potions of curing

Dungeon Overview and Level Annotations

Branches:
Dungeon (3/15)

Altars:

Annotations:
D:3 Robin


Message History

The goblin hits you but does no damage.
You barely miss the quokka. Your claw misses the quokka.
The quokka is moderately wounded.
The quokka barely misses you. The goblin barely misses you.
The quokka bites you but does no damage.
You closely miss the quokka.
The quokka is moderately wounded.
The goblin hits you but does no damage. The quokka bites you.
You scratch the quokka.
The quokka is heavily wounded.
The quokka barely misses you. The goblin hits you but does no damage.
You closely miss the quokka.
The quokka is heavily wounded.
The quokka bites you but does no damage.
The goblin hits you but does no damage.
You scratch the quokka but do no damage.
The quokka is heavily wounded.
The quokka bites you but does no damage.
The goblin hits you but does no damage.
You claw the quokka!
You kill the quokka!
The goblin hits you with a +0 club.
You scratch the goblin.
You kill the goblin!
You feel better.
You start resting.
HP restored.
Done exploring.
(D) Dungeon
Where to? (* - list waypoints, Enter - D:3, ? - help)
What level of the Dungeon? (default 1, ? - help)
You climb downwards.
Level annotation: Robin The goblin hits you with a +0 dagger of electrocution.
You are electrocuted!
The goblin hits you but does no damage.
There is a stone staircase leading up here.
2684 ||| STAIRDANCE The goblin hits you but does no damage.
You are electrocuted!!
Ouch! That really hurt!
You die...

#..# #..#
#..######g
##......g.g
##..g##
##.....##
##.......##
#......g..#
+.....g@..+
#......)..#
##.......##
##.....##
##...##
##+##


You could see Robin, a hobgoblin and a goblin.

Vanquished Creatures
  2 worms (D:2)
  3 bats
  5 endoplasms
  5 goblins
  2 hobgoblins
  2 jackals (D:1)
  5 kobolds
  4 quokkas (D:2)
  4 ball pythons
  2 frilled lizards (D:2)
  3 rats
37 creatures vanquished.

Notes
Turn   | Place    | Note
-------+----------+-------------------------------------------
     0 | D:1      | qw the Ghoul Enchanter began the quest for the Orb.
     0 | D:1      | Reached XP level 1. HP: 14/14 MP: 2/2
     0 | D:1      | 0 ||| qw: Version: 0.1-a-103-gd6f5d3a
     0 | D:1      | 0 ||| qw: Game counter: 5749
     0 | D:1      | 0 ||| qw: Always use a shield: true
     0 | D:1      | 0 ||| qw: God list: Okawaru
     0 | D:1      | 0 ||| qw: Allow faded altars: false
     0 | D:1      | 0 ||| qw: Do Orc after D:15 true
     0 | D:1      | 0 ||| qw: Do second Lair branch before Depths: true
     0 | D:1      | 0 ||| qw: Lair rune preference: random
     0 | D:1      | 0 ||| qw: Plans: Normal
     0 | D:1      | 0 ||| PLANNING D:1-11
     1 | D:1      | 1 ||| DROPPING +1 dagger.
   300 | D:1      | Reached skill level 1 in Unarmed Combat
   309 | D:1      | HP: 2/14 [rat (2)]
   549 | D:1      | Reached skill level 1 in Fighting
   549 | D:1      | Reached XP level 2. HP: 23/23 MP: 3/3
  1001 | D:1      | 1001 ||| Stepping ~*~*~tactically~*~*~ (stealth).
  1003 | D:1      | 1003 ||| Stepping ~*~*~tactically~*~*~ (stealth).
  1005 | D:1      | 1005 ||| Stepping ~*~*~tactically~*~*~ (stealth).
  1007 | D:1      | 1007 ||| Stepping ~*~*~tactically~*~*~ (stealth).
  1235 | D:1      | Found a faded altar of an unknown god.
  1388 | D:1      | 1388 ||| UPGRADING to +0 leather armour.
  1398 | D:1      | 1398 ||| DROPPING +0 robe.
  1399 | D:1      | 1399 ||| DROPPING ring of wizardry.
  1400 | D:1      | 1400 ||| READING scroll labelled BOLOID LYILINIC.
  1401 | D:1      | 1401 ||| READING 2 scrolls labelled JESEGO DO YTZE.
  1402 | D:1      | 1402 ||| READING scroll labelled GYIXZA BAOHUVO.
  1403 | D:1      | 1403 ||| READING scroll labelled RITZICS BO FAE.
  1407 | D:1      | 1407 ||| DRINKING 2 pink potions.
  1408 | D:1      | 1408 ||| DROPPING 2 potions of invisibility.
  1409 | D:1      | 1409 ||| DROPPING scroll of noise.
  1475 | D:2      | Reached XP level 3. HP: 24/28 MP: 4/4
  1536 | D:2      | 1536 ||| Stepping ~*~*~tactically~*~*~ (stealth).
  1537 | D:2      | 1537 ||| Stepping ~*~*~tactically~*~*~ (stealth).
  1548 | D:2      | 1548 ||| READING scroll of teleportation.
  1549 | D:2      | 1549 ||| FLEEEEING.
  1550 | D:2      | 1550 ||| FLEEEEING.
  1581 | D:2      | 1581 ||| Stepping ~*~*~tactically~*~*~ (stealth).
  1584 | D:2      | 1584 ||| Stepping ~*~*~tactically~*~*~ (stealth).
  1716 | D:2      | 1716 ||| READING scroll labelled MUQ MIBOUGHYN.
  1728 | D:2      | 1728 ||| Stepping ~*~*~tactically~*~*~ (outnumbered).
  2094 | D:2      | Reached skill level 3 in Unarmed Combat
  2435 | D:2      | 2435 ||| UPGRADING to +0 chain mail.
  2445 | D:2      | 2445 ||| DROPPING +0 leather armour.
  2446 | D:2      | 2446 ||| READING scroll labelled ZIZAUG GUPSU.
  2447 | D:2      | 2447 ||| READING scroll labelled JOKEUCVIUPT.
  2448 | D:2      | 2448 ||| DRINKING 2 glowing ruby potions.
  2449 | D:2      | 2449 ||| DROPPING potion of degeneration.
  2482 | D:3      | 2482 ||| STAIRDANCE
  2497 | D:3      | 2497 ||| Stepping ~*~*~tactically~*~*~ (stealth).
  2498 | D:3      | Noticed Robin
  2499 | D:3      | 2499 ||| Stepping ~*~*~tactically~*~*~ (hiding).
  2501 | D:3      | 2501 ||| Stepping ~*~*~tactically~*~*~ (outnumbered).
  2502 | D:3      | 2502 ||| Stepping ~*~*~tactically~*~*~ (outnumbered).
  2503 | D:3      | 2503 ||| Stepping ~*~*~tactically~*~*~ (outnumbered).
  2504 | D:3      | 2504 ||| STAIRDANCE
  2594 | D:3      | 2594 ||| STAIRDANCE
  2684 | D:3      | 2684 ||| STAIRDANCE
  2684 | D:3      | Slain by a goblin

Levels and vault maps discovered:
D:1:      giann_wishing_wells, layout_loops_ring,
          hellmonk_ecumenical_altar_prayer_group, minmay_curled_crystal,
          st_stairs_1, grunt_decor_resistance
D:2:      layout_rooms, skrybe_limestone_x, dk_vineyard_1, minivault_19
D:3:      layout_loops_corners, minmay_misc_feat_diagonals, uniq_robin

Skill      XL: |  1  2  3 |
---------------+----------+-----
Unarmed Combat | 1 2 3 |  3.3
Fighting       | 1 |  1.0
Short Blades   | |  0.8
Dodging        | |  1.7
Stealth        | |  3.2
Spellcasting   | |  1.7
Hexes          | |  2.4

Action                   || total
-------------------------++-------
Melee: Unarmed           ||   159
       Punch             ||     2
  Use: Scroll            ||     8
       Potion            ||     2
Armor: Robe              ||    14
       Chain mail        ||    30
       Leather armour    ||    22
Dodge: Dodged            ||    90

Table legend:
 A = Non-vault XP
 B = Vault XP
 C = Vault XP percentage of total XP
 D = Non-vault monster count
 E = Vault monster count
 F = Vault count percentage of total count
                 A         B        C        D         E       F
            +---------+---------+-------+---------+---------+-------
      Total |      57 |      13 |  18.6 |      30 |       7 |  18.9
            +---------+---------+-------+---------+---------+-------
        D:1 |      20 |       8 |  28.6 |      12 |       4 |  25.0
        D:2 |      35 |       5 |  12.5 |      17 |       3 |  15.0
        D:3 |       2 |       0 |   0.0 |       1 |       0 |   0.0
            +---------+---------+-------+---------+---------+-------
